 Dungeon Crawl Stone Soup version 0.24-a0-284-g9fb9971 (webtiles) character file.

Game seed: 14532283446657051298

419 theanonym the Stinger (level 6, -5/36 HPs)
             Began as an Octopode Venom Mage on May 6, 2019.
             Slain by an orc
             ... wielding a +0 club
              (6 damage)
             ... on level 5 of the Dungeon.
             The game lasted 00:09:36 (4735 turns).

theanonym the Stinger (Octopode Venom Mage)         Turns: 4735, Time: 00:09:37

Health: -5/36      AC:  1    Str:  8    XL:     6   Next: 93%
Magic:  4/9        EV: 13    Int: 22    God:
Gold:   210        SH:  0    Dex: 12    Spells: 3/9 levels left

rFire    . . .     SeeInvis +   (no weapon)
rCold    . . .     Gourm    .   (no shield)
rNeg     . . .     Faith    .   (helmet restricted)
rPois    .         Spirit   .   a - amulet of harm
rElec    .         Reflect  .   f - ring of see invisible
rCorr    .         Harm     +   p - +3 ring of intelligence
MR       .....                  (no ring)
Stlth    ++++......             (no ring)
HPRegen  0.12/turn              (no ring)
MPRegen  0.11/turn              (no ring)
                                (no ring)
                                (no ring)

@: no status effects
A: almost no armour, stealthy swim, amphibious, 8 rings, constrict 8, camouflage
1, gelatinous body 1
a: no special abilities


Innate Abilities, Weirdness & Mutations

You cannot wear most types of armour.
You are very stealthy in the water. (Stealth+)
You are amphibious.
You can wear up to eight rings at the same time.
You can use your tentacles to constrict eight enemies at once.
Your skin changes colour to match your surroundings (Stealth+).
Your rubbery body absorbs attacks. (AC +1, EV +1)


   Skills:
 - Level 2.1 Dodging
 + Level 4.4 Stealth
 + Level 2.3 Spellcasting
 + Level 2.8 Conjurations
 - Level 3.0 Air Magic
 * Level 6.4 Poison Magic


You had 3 spell levels left.
You knew the following spells:

 Your Spells              Type           Power        Failure   Level  Hunger
a - Sting                 Conj/Pois      ###.         1%          1    None
b - Poisonous Vapours     Pois/Air       ###...       2%          2    ##.....
d - Mephitic Cloud        Conj/Pois/Air  ###.....     8%          3    ###....

Your spell library contained the following spells:

 Spells                   Type           Power        Failure   Level  Hunger
 Shock                    Conj/Air       ###.         4%          1    None
 Olgreb's Toxic Radiance  Pois           ####....     10%         4    ####...
 Venom Bolt               Conj/Pois      ###.......   50%         5    ######.

Skill      XL: |  1  2  3  4  5  6 |
---------------+-------------------+-----
Poison Magic   | 4 5 6 |  6.4
Air Magic      | 1 2 3 |  3.0
Stealth        | 3 4 |  4.4
Conjurations   | 2 |  2.8
Dodging        | |  2.1
Spellcasting   | |  2.3

Action                   |  1- 3 |  4- 6 || total
-------------------------+-------+-------++-------
Melee: Unarmed           |    60 |    78 ||   138
       Constrict         |    23 |    15 ||    38
       Tentacles         |    10 |     9 ||    19
 Cast: Sting             |    14 |    12 ||    26
       Poisonous Vapours |    27 |    27 ||    54
       Mephitic Cloud    |       |     1 ||     1
  Use: Scroll            |       |     6 ||     6
       Potion            |       |     1 ||     1
 Stab: Sleeping          |     2 |     7 ||     9
  Eat: Chunk             |     5 |     7 ||    12
       Ration            |       |     1 ||     1
Armor: Skin              |     4 |     5 ||     9
Dodge: Dodged            |    44 |    52 ||    96

Inventory:

Jewellery
 a - an amulet of harm (around mantle)
 f - a ring of see invisible (left tentacle)
 p - a +3 ring of intelligence (right tentacle)
Scrolls
 g - a scroll of blinking {unknown}
 i - 2 scrolls of noise
 n - a scroll of remove curse
 t - 4 scrolls of teleportation {!r}
 y - a scroll of magic mapping
Potions
 c - a potion of degeneration {unknown}
 d - a potion of magic {unknown}
 h - a potion of haste
 j - a potion of agility {unknown}
 k - a potion of flight {unknown}
 l - a potion of might {unknown}
 m - a potion of berserk rage {unknown}
 q - a potion of heal wounds
 r - a potion of curing {unknown}
Comestibles
 b - a chunk of flesh
 e - 6 rations


You were on level 5 of the Dungeon.
You were not hungry.

You visited 1 branch of the dungeon, and saw 5 of its levels.

You collected 210 gold pieces.

Dungeon Overview and Level Annotations

Branches:
Dungeon (5/15)
 Temple: D:4-7

Altars:
Cheibriados
Okawaru
Sif Muna
Xom

#.# #.# ###
###########.# #..
.........##รท# #.#
.###........# #.#
.###.###.##.#####.## #
.....#
#.##.##.#...###.##
.#####
#.##...#o.5....... .#
#.###.###@........ .#
#....## #.#.....## .#
#####.###.....#.#
.############.#......#
#
.#.............##.##.#
......########## .#
... ...##.# .. ..#
.####.# .#. .## .# #<#
.##


You could see a shadow imp and an orc.

Notes
Turn   | Place    | Note
-------+----------+-------------------------------------------
     0 | D:1      | theanonym the Octopode Venom Mage began the quest for the
                  | Orb.
     0 | D:1      | Reached XP level 1. HP: 11/11 MP: 3/3
    94 | D:1      | HP: 3/11 [hobgoblin (5)]
   477 | D:1      | Reached XP level 2. HP: 17/17 MP: 3/5
   480 | D:1      | Reached skill level 4 in Poison Magic
   506 | D:1      | Learned a level 2 spell: Poisonous Vapours
   914 | D:1      | Reached XP level 3. HP: 20/21 MP: 1/6
   920 | D:1      | Learned a level 3 spell: Mephitic Cloud
  1094 | D:1      | Reached skill level 1 in Air Magic
  1851 | D:2      | Found a shimmering altar of Xom.
  1933 | D:2      | Found an iron altar of Okawaru.
  1945 | D:2      | Reached XP level 4. HP: 27/27 MP: 3/7
  2335 | D:3      | Reached skill level 2 in Air Magic
  2594 | D:3      | Found a faded altar of an unknown god.
  2630 | D:3      | Found a snail-covered altar of Cheibriados.
  2684 | D:3      | Reached skill level 5 in Poison Magic
  2753 | D:3      | Reached skill level 3 in Stealth
  3366 | D:4      | Reached XP level 5. HP: 31/31 MP: 3/8
  3369 | D:4      | Reached skill level 2 in Conjurations
  3473 | D:4      | Found a deep blue altar of Sif Muna.
  3482 | D:4      | HP: 15/31 [poisoned by a worker ant]
  3484 | D:4      | HP: 7/31 [poisoned by a worker ant]
  3753 | D:4      | Reached skill level 3 in Air Magic
  3802 | D:4      | Reached XP level 6. HP: 35/36 MP: 6/9
  3917 | D:4      | HP: 18/36 [centaur skeleton (1)]
  3921 | D:4      | HP: 3/36 [centaur skeleton (6)]
  4251 | D:4      | HP: 10/36 [orc wizard/puff of frost (13)]
  4252 | D:4      | Reached skill level 4 in Stealth
  4252 | D:4      | Reached skill level 6 in Poison Magic
  4469 | D:4      | Identified Sif Muna's Disquisition on Weightlessness
  4566 | D:5      | Entered Level 5 of the Dungeon
  4732 | D:5      | HP: 18/36 [shadow imp (6)]
  4733 | D:5      | HP: 8/36 [shadow imp (6)]
  4734 | D:5      | HP: 1/36 [shadow imp (7)]
  4735 | D:5      | Slain by an orc

Vanquished Creatures
  A centaur (D:5)
  A centaur skeleton (D:4)
  4 orc wizards
  An orc priest (D:4)
  An iguana (D:4)
  A worker ant (D:4)
  5 adders
  2 dart slugs (D:3)
  3 leopard geckos
  2 orcs
  4 giant cockroaches
  5 goblins
  8 hobgoblins
  8 jackals (D:1)
  A quokka (D:4)
  3 ball pythons
  A ball python skeleton (D:4)
  5 bats
  12 frilled lizards
  A jackal zombie (D:5)
  9 kobolds
  10 rats
88 creatures vanquished.

Table legend:
 A = Turns spent in this place as a percentage of turns spent in the entire game.
 B = Non-inter-level travel turns spent in this place as a percentage of non-inter-level travel turns spent in the entire game.
 C = Inter-level travel turns spent in this place as a percentage of turns spent in this place.
 D = Turns resting spent in this place as a percentage of non-inter-level travel turns spent in this place.
 E = Turns spent auto-exploring this place as a percentage of non-inter-level travel turns spent in this place.
 F = Non-inter-level travel turns spent in this place divided by the number of levels of this place that you've seen.
                   A       B       C       D       E      F
               +-------+-------+-------+-------+-------+----------------------
         Total | 100.0 | 100.0 |   1.8 |  44.0 |  44.9 | 929.6
       Dungeon | 100.0 | 100.0 |   1.8 |  44.0 |  44.9 | 929.6
               +-------+-------+-------+-------+-------+----------------------
